 Dungeon Crawl Stone Soup version 0.25-a0-110-ge29c8f2358 (webtiles) character file.

Game seed: 13406065688488525421, levelgen mode: deterministic

256 MisterFreud the Ruffian (level 5, -2/48 HPs)
             Began as a Troll Hunter on Nov 19, 2019.
             Was an Initiate of Ru.
             Killed from afar by an orc wizard (5 damage)
             ... with a magic dart
             ... on level 6 of the Dungeon.
             The game lasted 00:02:46 (1841 turns).

MisterFreud the Ruffian (Troll Hunter)              Turns: 1841, Time: 00:02:47

Health: -2/48      AC:  6    Str: 20    XL:     5   Next: 92%
Magic:  4/4        EV: 10    Int:  7    God:    Ru [......]
Gold:   136        SH:  0    Dex: 11    Spells: 4/4 levels left

rFire    . . .     SeeInvis .     - Unarmed
rCold    . . .     Gourm    +   (no shield)
rNeg     . . .     Faith    .   b - +0 robe
rPois    .         Spirit   .   (helmet restricted)
rElec    .         Reflect  .   (no cloak)
rCorr    .         Harm     .   (gloves unavailable)
MR       .....                  (boots unavailable)
Stlth    +.........             (no amulet)
HPRegen  0.56/turn              (no ring)
MPRegen  0.09/turn              (no ring)

@: no status effects
A: large, unfitting armour, claws 3, fast metabolism 3, gourmand, regeneration
1, shaggy fur 1, tough skin 3
a: Renounce Religion


You were on level 6 of the Dungeon.
You worshipped Ru.
Ru was noncommittal.
You were very full.

You visited 2 branches of the dungeon, and saw 5 of its levels.

You collected 136 gold pieces.

Inventory:

Missiles
 c - 5 large rocks (quivered)
 d - 2 throwing nets
 e - 149 stones
 o - 8 javelins
Armour
 b - a +0 robe (worn)
Wands
 q - a wand of flame (18)
Scrolls
 a - 2 scrolls of blinking {unknown}
 i - 3 scrolls of enchant armour {unknown}
 k - a scroll of random uselessness {unknown}
 m - 3 scrolls of teleportation {unknown}
 p - a scroll of amnesia {unknown}
 r - a scroll of identify {unknown}
 s - a scroll of noise {unknown}
Potions
 g - 2 potions of magic {unknown}
 h - a potion of degeneration {unknown}
 j - 2 potions of heal wounds {unknown}
 l - a potion of flight {unknown}
 n - a potion of experience {unknown}
 u - a potion of haste {unknown}
Comestibles
 f - 7 rations


   Skills:
 - Level 1.5 Fighting
 - Level 3.6 Throwing
 - Level 1.5 Dodging
 - Level 0.3 Stealth
 + Level 5.8 Unarmed Combat


You had 4 spell levels left.
You didn't know any spells.
Your spell library contained the following spells:

 Spells                   Type           Power        Failure   Level  Hunger
 Animate Skeleton         Necr           N/A          43%         1    ##.....
 Apportation              Tloc           #.....       43%         1    ##.....
 Confusing Touch          Hex            #.....       43%         1    ##.....
 Summon Small Mammal      Summ           #...         43%         1    ##.....


Dungeon Overview and Level Annotations

Branches:
Dungeon (6/15)             Temple (1/1) D:6

Altars:
Ashenzari
Cheibriados
Dithmenos
Elyvilon
Fedhas
Gozag
Hepliaklqana
Kikubaaqudgha
Nemelex Xobeh
Okawaru
Qazlal
Ru
Sif Muna
Trog
Uskayaw
Vehumet
Wu Jian
Xom
Yredelemnul
Zin
The Shining One


Innate Abilities, Weirdness & Mutations

You are too large for most types of armour.
You have claws for hands.
Your metabolism is lightning-fast.
You like to eat raw meat.
Your natural rate of healing is unusually fast.
You are covered in fur. (AC +1)
You have extremely tough skin. (AC +3)


Message History

The orc is lightly wounded.
You mangle the orc!!
You kill the orc!
An orc comes into view.
You barely miss the orc priest. The orc priest hits you with a +0 mace.
You claw the orc priest!
The orc priest is severely wounded.
The orc priest calls down the wrath of Beogh upon you.
Beogh smites you!
* * * LOW HITPOINT WARNING * * *
You closely miss the orc priest.
The orc priest is severely wounded.
The orc priest barely misses you.
You claw the orc priest!
You kill the orc priest!
You scratch the orc wizard.
The orc wizard is lightly wounded.
The orc wizard gestures at you while chanting.
The magic dart hits you.
You die...

#.......###..
#........###. #
.......).... ..
#......## ...######
#......#. ...o....#
##.##...< ........#
#######.###.##
..%.....#######.......#
#...
........o.o@..#.#######
#... ###.....#####.#.#
#... #.....# #...# #..#
####### ##### #... ..##
###


You could see an orc wizard and an orc.

Vanquished Creatures
  A bullfrog (D:6)
  An orc priest (D:6)
  2 worker ants
  2 adders (D:2)
  An ooze (D:2)
  A worm (D:2)
  2 dart slugs (D:1)
  2 leopard geckos (D:2)
  3 orcs (D:6)
  5 giant cockroaches
  4 goblins
  10 hobgoblins
  16 jackals
  7 kobolds
  A quokka (D:2)
  5 bats
  4 frilled lizards (D:1)
  6 rats
73 creatures vanquished.

Notes
Turn   | Place    | Note
-------+----------+-------------------------------------------
     0 | D:1      | MisterFreud the Troll Hunter began the quest for the Orb.
     0 | D:1      | Reached XP level 1. HP: 19/19 MP: 0/0
    31 | D:1      | Reached skill level 1 in Unarmed Combat
   142 | D:1      | Reached XP level 2. HP: 27/27 MP: 1/1
   281 | D:1      | Reached skill level 2 in Unarmed Combat
   373 | D:1      | Reached XP level 3. HP: 33/33 MP: 2/2
   482 | D:1      | Reached skill level 3 in Unarmed Combat
   953 | D:2      | Reached XP level 4. HP: 36/41 MP: 3/3
   985 | D:2      | Reached skill level 4 in Unarmed Combat
  1450 | D:3      | You fall into a shaft and drop 3 floors!
  1451 | D:6      | Noticed a bullfrog
  1459 | D:6      | Killed a bullfrog
  1459 | D:6      | Reached skill level 5 in Unarmed Combat
  1459 | D:6      | Reached XP level 5. HP: 30/48 MP: 4/4
  1460 | D:6      | Found a staircase to the Ecumenical Temple.
  1537 | Temple   | Entered the Ecumenical Temple
  1644 | Temple   | Became a worshipper of Ru the Awakened
  1838 | D:6      | HP: 1/48 [orc priest/divine providence (15)]
  1841 | D:6      | Killed from afar by an orc wizard

Levels and vault maps discovered:
D:1:      lightli_arrival_lavapool, layout_basic,
          wander_ebering_terrifying_dragon_lair
D:2:      layout_rooms
D:3:      layout_basic, first_ration
D:6:      layout_basic, temple_hall
Temple:   kilobyte_greek_temple

Skill      XL: |  1  2  3  4 |
---------------+-------------+-----
Unarmed Combat | 1 2 3 5 |  5.8
Fighting       | |  1.5
Throwing       | |  3.6
Dodging        | |  1.5
Stealth        | |  0.3

Action                   |  1- 3 |  4- 6 || total
-------------------------+-------+-------++-------
Melee: Unarmed           |   113 |    82 ||   195
       Short sword       |     3 |       ||     3
       Punch             |       |     2 ||     2
 Stab: Sleeping          |     1 |       ||     1
  Eat: Chunk             |    10 |    11 ||    21
Armor: Robe              |    36 |    22 ||    58
Dodge: Dodged            |    60 |    40 ||   100

Table legend:
 A = Non-vault XP
 B = Vault XP
 C = Vault XP percentage of total XP
 D = Non-vault monster count
 E = Vault monster count
 F = Vault count percentage of total count
                 A         B        C        D         E       F
            +---------+---------+-------+---------+---------+-------
      Total |     366 |       1 |   0.3 |      72 |       1 |   1.4
            +---------+---------+-------+---------+---------+-------
        D:1 |      62 |       1 |   1.6 |      35 |       1 |   2.8
        D:2 |     120 |       0 |   0.0 |      30 |       0 |   0.0
        D:3 |       2 |       0 |   0.0 |       1 |       0 |   0.0
        D:6 |     182 |       0 |   0.0 |       6 |       0 |   0.0
            +---------+---------+-------+---------+---------+-------
